 Dungeon Crawl Stone Soup version 0.24.0-28-g17ded55e90 (webtiles) character file.

Game seed: 2277946368033741851, levelgen mode: deterministic

123474 tilp the Stormcaller (level 16, -2/97 HPs)
             Began as a Tengu Air Elementalist on Nov 10, 2019.
             Was an Elder of Sif Muna.
             Slain by a wolf spider (6 damage)
             ... on level 1 of the Spider Nest on Nov 11, 2019.
             The game lasted 01:43:31 (39174 turns).

tilp the Stormcaller (Tengu Air Elementalist)      Turns: 39174, Time: 01:43:31

Health: -2/97      AC: 11    Str: 10    XL:     16   Next: 90%
Magic:  4/31       EV: 12    Int: 30    God:    Sif Muna [****..]
Gold:   21         SH:  0    Dex: 16    Spells: 8/35 levels left

rFire    + . .     SeeInvis .   a - +10 quarterstaff of Sulphur {freeze, rF+ Int+5}
rCold    . . .     Gourm    .   (shield currently unavailable)
rNeg     + + .     Faith    .   u - +2 robe {MR+}
rPois    +         Spirit   .   A - +2 hat {Int+3}
rElec    .         Reflect  +   z - +1 cloak
rCorr    +         Harm     .   O - +2 pair of gloves
MR       ++...                  (boots unavailable)
Stlth    +++.......             Y - +3 amulet of reflection
HPRegen  0.26/turn              e - ring "Coegamom" {rN++ rCorr Int+2}
MPRegen  0.22/turn              t - ring of poison resistance

@: flying quickly and evasively, held, quick
A: beak, talons 3, able to fly
a: Stop Flying, Channel Magic, Forget Spell, Divine Exegesis, Renounce Religion


You were on level 1 of the Spider Nest.
You worshipped Sif Muna.
Sif Muna was greatly pleased with you.
You were hungry.

You visited 5 branches of the dungeon, and saw 25 of its levels.
You also visited: Sewer.

You collected 2371 gold pieces.
You spent 2350 gold pieces at shops.

Inventory:

Hand Weapons
 a - the +10 quarterstaff of Sulphur (weapon) {freeze, rF+ Int+5}
   (You found it on level 8 of the Dungeon)

   It has been specially enchanted to freeze those struck by it, causing extra
   injury to most foes and up to half again as much damage against particularly
   susceptible opponents.
   It can also slow down cold-blooded creatures.
   It affects your intelligence (+5).
   It protects you from fire.
 w - the +10 war axe of Qulodaaw {flame, +Rage}
   (You found it on level 6 of the Dungeon)

   It has been specially enchanted to burn those struck by it, causing extra
   injury to most foes and up to half again as much damage against particularly
   susceptible opponents.
   Big, fiery blades are also staple armaments of hydra-hunters.
   It lets you go berserk.
Missiles
 g - 50 poisoned darts
 i - 15 boomerangs (quivered)
 F - 4 datura-tipped darts
 W - 5 curare-tipped darts
Armour
 l - a +2 robe of cold resistance
 u - a +2 robe of magic resistance (worn)
 z - a +1 cloak (worn)
 A - a +2 hat of intelligence (worn)
 O - a +2 pair of gloves (worn)
Magical Staves
 b - an uncursed staff of air
Jewellery
 e - the ring "Coegamom" (left hand) {rN++ rCorr Int+2}
   (You found it on level 1 of the Lair of Beasts)

   [ring of resist corrosion]

   It affects your intelligence (+2).
   It greatly protects you from negative energy.
   It provides partial protection from all sources of acid and corrosion.
 m - an uncursed ring of ice
 t - a ring of poison resistance (right hand)
 D - an uncursed ring of see invisible
 Q - an uncursed ring of protection from fire
 Y - a +3 amulet of reflection (around neck)
Wands
 d - a wand of digging (10)
 y - a wand of enslavement (5)
 C - a wand of acid (7)
 J - a wand of flame (78)
 L - a wand of iceblast (6)
 S - a wand of polymorph (16)
 T - a wand of scattershot (11)
 X - a wand of disintegration (12)
Scrolls
 h - 2 scrolls of amnesia
 n - a scroll of silence
 p - 4 scrolls of teleportation
 s - 7 scrolls of blinking
 x - 2 scrolls of enchant weapon
 B - 9 scrolls of remove curse
 E - a scroll of brand weapon
 G - 3 scrolls of fear
 H - 5 scrolls of magic mapping
 N - a scroll of vulnerability
 Z - a scroll of fog
Potions
 f - a potion of curing
 j - 6 potions of heal wounds
 k - a potion of ambrosia
 o - 5 potions of brilliance
 q - 7 potions of might
 r - a potion of berserk rage
 I - 2 potions of haste
 K - 4 potions of cancellation
 M - 2 potions of agility
 P - 2 potions of resistance {unknown}
 U - a potion of mutation {unknown}
Miscellaneous
 v - 2 phantom mirrors
 R - a box of beasts
Comestibles
 c - 38 rations


   Skills:
 - Level 10.0 Fighting
 - Level 14.0 Staves
 - Level 10.0 Dodging
 - Level 4.1 Stealth
 - Level 10.0 Spellcasting
 - Level 12.1 Conjurations
 + Level 16.0 Air Magic
 - Level 10.0 Invocations
 - Level 4.1 Evocations


You had 8 spell levels left.
You knew the following spells:

 Your Spells              Type           Power        Failure   Level  Hunger
a - Shock                 Conj/Air       ####         0%          1    None
b - Swiftness             Chrm/Air       ######..     1%          2    None
c - Static Discharge      Conj/Air       #######.     1%          3    None
d - Airstrike             Air            #######...   1%          4    None
e - Lightning Bolt        Conj/Air       #######...   1%          5    ###....
f - Summon Lightning Spi  Summ/Air       ######..     1%          4    None
g - Conjure Flame         Conj/Fire      ######..     1%          3    None
h - Passwall              Tmut/Erth      ###.....     5%          2    None
i - Animate Skeleton      Necr           N/A          3%          1    None
j - Apportation           Tloc           ###...       3%          1    None
k - Summon Butterflies    Summ           ###.....     3%          1    None

Your spell library contained the following spells:

 Spells                   Type           Power        Failure   Level  Hunger
 Searing Ray              Conj           ######       1%          2    None
 Stone Arrow              Conj/Erth      ######       1%          3    None
 Confusing Touch          Hex            ###...       3%          1    None
 Sandblast                Erth           ###...       3%          1    None
 Summon Small Mammal      Summ           ###.         3%          1    None
 Call Imp                 Summ           ###.....     5%          2    None
 Call Canine Familiar     Summ           ###.....     11%         3    None
 Summon Guardian Golem    Hex/Summ       ###.....     11%         3    None
 Vampiric Draining        Necr           ###.......   11%         3    None
 Petrify                  Tmut/Erth      ###.....     34%         4    None
 Summon Ice Beast         Ice/Summ       ###.....     34%         4    None
 Bolt of Cold             Conj/Ice       ######....   41%         6    #####..
 Lee's Rapid Deconstruct  Erth           ###.......   67%         5    ###....
 Summon Mana Viper        Hex/Summ       ###.....     67%         5    ###....
 Summon Hydra             Summ           ###.......   100%        7    ######.
 Necromutation            Tmut/Necr      ###.......   100%        8    #######


Dungeon Overview and Level Annotations

Branches:
Dungeon (15/15)            Temple (1/1) D:4            Lair (6/6) D:11
 Shoals (0/4) Lair:3       Spider (1/4) Lair:2        Slime (0/5) Lair:5
    Orc (2/2) D:10            Elf (0/3) Orc:2        Vaults (0/5) D:14
 Depths (0/5) D:15          Sewer (visited)

Altars:
Ashenzari
Cheibriados
Dithmenos
Elyvilon
Fedhas
Gozag
Hepliaklqana
Kikubaaqudgha
Makhleb
Nemelex Xobeh
Okawaru
Qazlal
Ru
Sif Muna
Trog
Uskayaw
Vehumet
Wu Jian
Xom
Yredelemnul
Zin
The Shining One
Beogh
Jiyva

Shops:
D:5 [   D:6 *   D:7 (=}(   D:10 (   D:13 (   Orc:2 ??[:

Annotations:
D:9 Erolcha
D:11 Rupert
D:12 exclusions: 3 hogs and 2 more exclusions, Maurice; Psyche
Lair:1 exclusion: 2 oklob plants
Lair:2 Sonja
Lair:4 exclusion: oklob plant
Lair:6 3 runed translucent doors, exclusion: oklob plant, catramo's ghost, journeyman MiFi
Orc:2 3 runed translucent doors, Nicoed's ghost, journeyman GnSk


Innate Abilities, Weirdness & Mutations

You have a beak for a mouth.
You have claws for feet.
You can fly continuously.


Message History

Unknown command.
The wolf spider misses you. You block the wolf spider's attack.
The wolf spider hits your lightning spire.
The wolf spider bites your lightning spire but does no damage.
The jumping spider completely misses you.
The jumping spider bites you!
* * * LOW HITPOINT WARNING * * *
The wolf spider completely misses you. The wolf spider closely misses you.
Unknown command.
Unknown command.
The wolf spider hits your lightning spire.
The wolf spider bites your lightning spire but does no damage.
The jumping spider pounces on you!
* * * LOW HITPOINT WARNING * * *
You are caught in a web!
The jumping spider bites you but does no damage.
The wolf spider hits you.
* * * LOW HITPOINT WARNING * * *
The wolf spider bites you.
You die...

### #### #..#
#...###...#
#....#....####
...^........#
##...%.......
#............
#...s........
###.@...)....
#..$s8s...##..$#
.........#.....#
.........#......
....#.[####....
....### .... ...
.... .#


You could see 2 wolf spiders, a jumping spider and a friendly lightning spire.

Vanquished Creatures
  Frances (D:14)
  Gastronok (Lair:2)
  An orc warlord (D:10)
  An entropy weaver (Lair:2)
  Azrael (D:14)
  A spark wasp (shapeshifter) (D:14)
  Snorg (D:14)
  2 fire dragons (D:15)
  A hydra (D:13)
  2 vault guards (D:14)
  3 catoblepae (Lair:6)
  A death knight (D:15)
  2 ogre magi (Orc:2)
  8 death yaks
  3 centaur warriors
  Erica (Lair:2)
  2 tengu warriors (D:13)
  A two-headed ogre (D:11)
  Nergalle (Lair:4)
  2 skeletal warriors
  2 unseen horrors
  2 wolf spiders (Lair:2)
  Pikel (D:4)
  3 orc knights
  4 cyclopes
  An ugly thing (D:11)
  11 orc sorcerers
  4 manticores
  12 orb spiders (Spider:1)
  5 elephants (Lair:5)
  A deep elf mage (D:15)
  4 centaur zombies
  7 black mambas
  Joseph (D:15)
  13 spiny frogs
  2 torpor snails
  3 gargoyles
  A merfolk siren (Lair:3)
  An efreet (D:13)
  2 demonic crawlers (Lair:2)
  A freezing wraith (D:15)
  9 komodo dragons
  A merfolk (Lair:3)
  7 trolls
  7 jumping spiders
  A polar bear (Lair:3)
  Grinder (D:5)
  A harpy skeleton (D:15)
  8 hippogriffs
  4 hornets
  A blink frog (shapeshifter) (D:15)
  6 dream sheep (Lair:4)
  22 blink frogs
  10 redbacks
  3 shadows
  6 tarantellas
  A vampire (D:12)
  Sigmund (D:3)
  3 fire elementals (D:14)
  A wraith (D:15)
  30 yaks
  A wyvern (D:12)
  A water elemental (D:15)
  4 basilisks
  A hungry ghost (D:8)
  10 vampire mosquitoes
  A redback simulacrum (D:14)
  Menkaure (D:7)
  An acid dragon (D:14)
  A warg (Orc:1)
  2 soldier ants (D:9)
  5 porcupines
  2 big kobolds
  17 orc warriors
  13 water moccasins
  Duvessa (D:5)
  5 ice beasts
  2 sky beasts
  3 eyes of draining
  10 centaurs
  3 phantoms
  11 wolves
  16 ogres
  10 crocodiles
  19 bullfrogs
  Blork the orc (D:6)
  2 scorpions
  A wyvern skeleton (D:12)
  6 killer bees (D:7)
  4 electric eels
  3 howler monkeys
  5 crimson imps
  2 bullfrog zombies
  7 centaur skeletons
  2 hounds
  2 jellies
  17 orc priests
  A gnoll shaman (Orc:2)
  3 bullfrog skeletons
  Natasha (D:3)
  3 iguanas
  33 orc wizards
  10 worker ants
  A hound zombie (D:8)
  A hound skeleton (D:11)
  10 gnolls
  A howler monkey skeleton (D:8)
  13 adders
  3 shadow imps
  An ooze (D:2)
  An adder skeleton (D:6)
  6 worms
  2 dart slugs
  10 leopard geckos
  70 orcs
  3 ball pythons
  11 giant cockroaches
  9 goblins
  6 hobgoblins
  12 jackals
  10 kobolds
  3 quokkas
  5 bats
  9 frilled lizards
  2 jackal skeletons (D:5)
  A leopard gecko skeleton (D:5)
  A quokka skeleton (D:7)
  A quokka zombie (D:7)
  5 rats
  A spectral orc (D:3)
  A bush (D:8)
  A fungus (Lair:6)
683 creatures vanquished.

Vanquished Creatures (collateral kills)
  Louise (D:15)
  A hydra (D:15)
  2 vault guards (D:14)
  A wolf spider (Spider:1)
  2 freezing wraiths (D:15)
  A hell hound (D:14)
  A centaur (D:14)
  2 bullfrogs
  Dowan (D:5)
  A howler monkey (D:7)
  A kobold (D:7)
14 creatures vanquished.

Vanquished Creatures (others)
  A crimson imp (D:14)
  A worm (D:4)
  A quokka (D:4)
  A bush (Lair:6)
  9 fungi
  12 plants
25 creatures vanquished.

Grand Total: 722 creatures vanquished

Notes
Turn   | Place    | Note
-------+----------+-------------------------------------------
     0 | D:1      | tilp the Tengu Air Elementalist began the quest for the
                  | Orb.
     0 | D:1      | Reached XP level 1. HP: 10/10 MP: 4/4
   356 | D:1      | Reached XP level 2. HP: 15/15 MP: 3/6
   435 | D:1      | Learned a level 2 spell: Swiftness
   954 | D:2      | Reached XP level 3. HP: 19/19 MP: 3/7
   959 | D:2      | Learned a level 3 spell: Static Discharge
  1870 | D:2      | Reached XP level 4. HP: 24/24 MP: 2/8
  2144 | D:2      | Reached skill level 5 in Conjurations
  2144 | D:2      | Reached skill level 5 in Air Magic
  2284 | D:2      | Found a bloodstained altar of Trog.
  2413 | D:3      | Gained mutation: You can fly continuously. [Tengu growth]
  2413 | D:3      | Reached XP level 5. HP: 26/28 MP: 2/9
  2454 | D:3      | Noticed Sigmund
  2543 | D:3      | Found a glowing drain.
  2610 | Sewer    | Entered a sewer
  2729 | Sewer    | Noticed Purgy
  3185 | D:3      | Reached skill level 6 in Air Magic
  3185 | D:3      | Reached XP level 6. HP: 22/32 MP: 1/10
  3392 | D:3      | Found a glowing golden altar of the Shining One.
  3732 | D:3      | Found a basalt altar of Yredelemnul.
  4151 | D:3      | Noticed Natasha
  4158 | D:3      | Killed Natasha
  4324 | D:4      | Noticed Pikel
  4324 | D:4      | Noticed a slave
  4324 | D:4      | Noticed a slave
  4324 | D:4      | Noticed a slave
  4503 | D:4      | Found a hide-covered altar of Uskayaw.
  4503 | D:4      | Noticed a +0 dagger
  4503 | D:4      | Noticed a +0 dagger
  4535 | D:4      | Killed Pikel
  4535 | D:4      | Reached skill level 5 in Spellcasting
  4535 | D:4      | Reached XP level 7. HP: 31/36 MP: 2/16
  4862 | D:4      | Reached skill level 1 in Fighting
  4939 | D:4      | Reached XP level 8. HP: 43/43 MP: 13/17
  5043 | D:4      | Found a staircase to the Ecumenical Temple.
  5061 | Temple   | Entered the Ecumenical Temple
  5287 | Temple   | Became a worshipper of Sif Muna the Loreminder
  5707 | D:5      | Entered Level 5 of the Dungeon
  5848 | D:5      | Found a shattered altar of Ashenzari.
  5888 | D:5      | Noticed Duvessa
  5906 | D:5      | Found a sacrificial altar of Ru.
  5988 | D:5      | Found a stormy altar of Qazlal.
  6180 | D:5      | Found Saveolew's Armour Shop.
  6183 | D:5      | Bought a +0 cloak for 45 gold pieces
  6183 | D:5      | Bought a +1 hat of intelligence for 160 gold pieces
  6201 | D:5      | Got a pitted spear
  6288 | D:5      | Found a glowing silver altar of Zin.
  6551 | D:5      | Noticed Grinder
  6636 | D:6      | Noticed Blork the orc
  6650 | D:6      | Killed Blork the orc
  6737 | D:6      | Found Tiguefav's Assorted Antiques.
  6776 | D:6      | Identified the +7 spear "Zebodd Piree" {protect, +Inv Str+4
                  | SInv} (You found it on level 5 of the Dungeon)
  6832 | D:6      | Reached * piety under Sif Muna
  6956 | D:6      | Reached skill level 5 in Dodging
  7057 | D:6      | Reached XP level 9. HP: 45/52 MP: 14/18
  7111 | D:6      | Learned a level 4 spell: Airstrike
  7117 | D:6      | Learned a level 5 spell: Lightning Bolt
  7224 | D:6      | Got a fine war axe
  7660 | D:7      | Reached skill level 7 in Air Magic
  7685 | D:7      | Reached ** piety under Sif Muna
  7690 | D:7      | Noticed Menkaure
  7820 | D:7      | Killed Menkaure
  7847 | D:7      | Reached skill level 8 in Air Magic
  7963 | D:7      | Found Urran's Weapon Shop.
  8367 | D:7      | Found a burning altar of Makhleb.
  8519 | D:7      | Found Sutiu's Weapon Shoppe.
  8547 | D:7      | Reached skill level 9 in Air Magic
  8660 | D:7      | Identified the +10 war axe of Qulodaaw {flame, +Rage} (You
                  | found it on level 6 of the Dungeon)
  8664 | D:7      | Found Wovvemn's Jewellery Boutique.
  8803 | D:7      | Found Biushoci's Gadget Shoppe.
  8978 | D:8      | Found a blossoming altar of Fedhas.
  9283 | D:8      | Reached skill level 10 in Air Magic
  9314 | D:8      | Reached XP level 10. HP: 49/57 MP: 20/20
  9442 | D:8      | Reached skill level 5 in Fighting
 10172 | D:8      | Got a sapphire quarterstaff
 10629 | D:9      | HP: 1/59 [orc wizard/magic dart (3)]
 11337 | D:9      | Reached *** piety under Sif Muna
 11759 | D:9      | Reached skill level 1 in Invocations
 11759 | D:9      | Reached skill level 1 in Evocations
 11931 | D:9      | Noticed Erolcha
 12877 | D:10     | Entered Level 10 of the Dungeon
 12883 | D:10     | Identified the +10 quarterstaff of Sulphur {freeze, rF+
                  | Int+5} (You found it on level 8 of the Dungeon)
 13181 | D:10     | Found a staircase to the Orcish Mines.
 13224 | D:10     | Found Quoheifa's Weapon Boutique.
 13277 | D:10     | Reached XP level 11. HP: 64/64 MP: 21/21
 13830 | D:11     | Reached skill level 5 in Invocations
 13884 | D:11     | Noticed a two-headed ogre
 13890 | D:11     | Killed a two-headed ogre
 14123 | D:11     | Found a staircase to the Lair.
 14138 | D:11     | Noticed a cyclops
 14168 | D:11     | Killed a cyclops
 14505 | D:11     | Noticed a manticore
 14507 | D:11     | Noticed a skeletal warrior
 14534 | D:11     | Killed a skeletal warrior
 14704 | D:11     | Killed a manticore
 14829 | D:11     | Noticed a green ugly thing
 14846 | D:11     | Killed a green ugly thing
 15118 | D:11     | Reached **** piety under Sif Muna
 15496 | D:7      | Bought an uncursed ring of poison resistance for 220 gold
                  | pieces
 15595 | Lair:1   | Entered Level 1 of the Lair of Beasts
 15599 | Lair:1   | Reached skill level 11 in Air Magic
 16008 | Lair:1   | Got a brightly glowing gossamer ring
 16324 | Lair:1   | Noticed an oklob plant
 16479 | Lair:1   | Reached skill level 10 in Conjurations
 16807 | Lair:1   | Noticed an oklob plant
 16818 | Lair:2   | Noticed Erica
 16828 | Lair:2   | Killed Erica
 16828 | Lair:2   | Reached XP level 12. HP: 59/70 MP: 0/24
 16985 | Lair:2   | Noticed Sonja
 17054 | Lair:2   | Noticed Gastronok
 17260 | Lair:2   | Found a hole to the Spider Nest.
 17872 | Lair:2   | Killed Gastronok
 17872 | Lair:2   | Reached skill level 12 in Air Magic
 18195 | Lair:2   | Learned a level 2 spell: Passwall
 18986 | Lair:3   | Found a staircase to the Shoals.
 19324 | Lair:3   | Upgraded the game from 0.24.0-13-gcf9b3192b9 to
                  | 0.24.0-28-g17ded55e90
 19329 | Lair:4   | Noticed Nergalle
 19330 | Lair:4   | Noticed a death yak
 19332 | Lair:4   | Noticed a death yak
 19332 | Lair:4   | Noticed a death yak
 19336 | Lair:4   | Killed Nergalle
 19336 | Lair:4   | Reached skill level 13 in Air Magic
 19495 | Lair:4   | Killed a death yak
 19505 | Lair:3   | Killed a death yak
 19634 | Lair:4   | Killed a death yak
 20246 | Lair:4   | Reached XP level 13. HP: 74/74 MP: 13/27
 20678 | Lair:5   | Reached skill level 14 in Air Magic
 20914 | Lair:5   | You are sucked into a shaft and drop 1 floor!
 20914 | Lair:6   | Entered Level 6 of the Lair of Beasts
 20983 | Lair:6   | Reached skill level 10 in Spellcasting
 21322 | Lair:5   | Reached skill level 15 in Air Magic
 21816 | Lair:5   | Got a distressingly furry chain mail
 22365 | Lair:5   | Found a viscous altar of Jiyva.
 22365 | Lair:5   | Found a staircase to the Slime Pits.
 23502 | Lair:6   | Found a runed translucent gate.
 23502 | Lair:6   | Found a runed translucent gate.
 23516 | Lair:6   | Noticed catramo's ghost (journeyman MiFi)
 23734 | Lair:6   | Reached XP level 14. HP: 64/83 MP: 4/29
 23934 | Lair:6   | Found a runed translucent gate.
 24324 | Lair:6   | Reached skill level 10 in Dodging
 24335 | Lair:6   | Reached ***** piety under Sif Muna
 25361 | Orc:1    | Entered Level 1 of the Orcish Mines
 25387 | D:10     | Identified Sif Muna's Disquisition on Battle Magic and
                  | Unholy Arts (Sif Muna gifted it to you on level 10 of the
                  | Dungeon)
 25387 | D:10     | Received a gift from Sif Muna
 25395 | D:10     | Learned a level 3 spell: Conjure Flame
 25584 | Orc:1    | Noticed an orc warlord
 25610 | D:10     | Killed an orc warlord
 26242 | Orc:2    | Entered Level 2 of the Orcish Mines
 27009 | Orc:2    | Found a runed translucent gate.
 27009 | Orc:2    | Found a runed translucent gate.
 27009 | Orc:2    | Found a runed translucent gate.
 27020 | Orc:2    | Noticed Nicoed's ghost (journeyman GnSk)
 27080 | Orc:2    | Found a roughly hewn altar of Beogh.
 27163 | Orc:2    | Found a staircase to the Elven Halls.
 27279 | Orc:2    | Reached skill level 10 in Fighting
 27394 | Orc:2    | Found Cycu's Magic Scroll Boutique.
 27512 | Orc:2    | Paralysed by an orc sorcerer for 5 turns
 27522 | Orc:2    | Paralysed by an orc sorcerer for 2 turns
 27571 | Orc:2    | Bought a scroll of identify for 32 gold pieces
 27571 | Orc:2    | Bought a scroll of random uselessness for 16 gold pieces
 27571 | Orc:2    | Bought a scroll of identify for 32 gold pieces
 27571 | Orc:2    | Bought a scroll of blinking for 120 gold pieces
 27571 | Orc:2    | Bought 2 scrolls of identify for 64 gold pieces
 27571 | Orc:2    | Bought a scroll of identify for 32 gold pieces
 27571 | Orc:2    | Bought a scroll of identify for 32 gold pieces
 27571 | Orc:2    | Bought a scroll of identify for 32 gold pieces
 27571 | Orc:2    | Bought a scroll of identify for 32 gold pieces
 27571 | Orc:2    | Bought a scroll of identify for 32 gold pieces
 27573 | Orc:2    | Identified the +6 chain mail of Panentheism {SInv Stlth+}
                  | (You found it on level 5 of the Lair of Beasts)
 27574 | Orc:2    | Identified the ring "Coegamom" {rN++ rCorr Int+2} (You
                  | found it on level 1 of the Lair of Beasts)
 27606 | Orc:2    | Found an ancient bone altar of Kikubaaqudgha.
 27737 | Orc:2    | Found a radiant altar of Vehumet.
 27776 | Orc:2    | Paralysed by an orc sorcerer for 4 turns
 27785 | Orc:2    | Reached skill level 10 in Invocations
 27905 | Orc:2    | Found Idomel's Magic Scroll Shop.
 27966 | Orc:2    | Reached skill level 1 in Staves
 28220 | Orc:2    | Bought a scroll of silence for 120 gold pieces
 28328 | Orc:2    | Found a roughly hewn altar of Beogh.
 28328 | Orc:2    | Found Pade Nua's Antique Armour Shop.
 28421 | Orc:2    | Found Kehatwy's Book Boutique.
 28460 | Orc:2    | Bought a pair of ancient gloves for 332 gold pieces
 28460 | Orc:2    | Identified the +0 pair of gloves "Keotij" {Str+3} (You
                  | bought it in a shop on level 2 of the Orcish Mines)
 28476 | Orc:2    | Bought a book of Callings for 420 gold pieces
 28491 | Orc:2    | Bought a scroll of identify for 32 gold pieces
 28491 | Orc:2    | Bought a scroll of enchant armour for 120 gold pieces
 28491 | Orc:2    | Bought a scroll of identify for 32 gold pieces
 28880 | D:3      | Killed Sigmund
 28910 | D:5      | Learned a level 4 spell: Summon Lightning Spire
 28927 | D:5      | Noticed Dowan
 28932 | D:5      | Killed Duvessa
 28937 | D:5      | Killed Dowan
 28937 | D:5      | Received a gift from Sif Muna
 28948 | D:5      | Killed Grinder
 29065 | D:5      | Reached XP level 15. HP: 92/92 MP: 30/30
 29819 | D:12     | Noticed Rupert
 29949 | D:12     | Noticed Psyche
 29953 | D:12     | Noticed Maurice
 30473 | D:13     | Found Tatrojeg's Antique Weapon Boutique.
 30516 | D:13     | Identified the +1 leather armour of Gehenna {-Cast rF+
                  | Int+9 Dex+3} (You found it on level 13 of the Dungeon)
 30734 | D:13     | Reached XP level 16. HP: 92/97 MP: 11/31
 31737 | D:14     | Reached skill level 10 in Staves
 32120 | D:14     | Noticed Azrael
 32130 | D:14     | Killed Azrael
 32400 | D:14     | Noticed Frances
 32414 | D:14     | Killed Frances
 32474 | D:14     | Noticed Snorg
 32482 | D:14     | Killed Snorg
 32758 | D:14     | Found a gate to the Vaults.
 33141 | D:15     | Entered Level 15 of the Dungeon
 33698 | D:15     | Noticed Louise
 33709 | D:15     | Killed Louise
 33779 | D:15     | Noticed Joseph
 33784 | D:15     | Killed Joseph
 34023 | D:15     | Found a sacrificial altar of Ru.
 35017 | D:15     | Found a staircase to the Depths.
 35337 | D:7      | Bought an uncursed ring of see invisible for 165 gold
                  | pieces
 35470 | Orc:2    | Bought a book of Cantrips for 280 gold pieces
 35472 | Orc:2    | Learned a level 1 spell: Animate Skeleton
 35474 | Orc:2    | Learned a level 1 spell: Apportation
 35476 | Orc:2    | Learned a level 1 spell: Summon Butterflies
 35661 | Spider:1 | Entered Level 1 of the Spider Nest
 39097 | Spider:1 | Reached skill level 16 in Air Magic
 39174 | Spider:1 | HP: 4/97 [wolf spider (4)]
 39174 | Spider:1 | Slain by a wolf spider

Levels and vault maps discovered:
D:1:      nicolae_arrival_memento_mori, layout_basic,
          hangedman_decor_clover_reticule, st_stairs_4
D:2:      layout_basic, lightli_temple_of_fire, kennysheep_cluttered_room
D:3:      layout_loops_ring, yredelemnul_forgotten_temple_becter,
          tso_metal_star, gup_sewer_entry_glass, minmay_misc_feat_room,
          lexackson_kobold_supper, uniq_sigmund, uniq_natasha
D:4:      layout_loops_cross, dancing_weapons_uskayaw,
          minmay_temple_entry_wispy, uniq_pikel
D:5:      layout_loops_ring, overflow_temple_1_default, zin_academy,
          lemuel_crystal_altar, overflow_temple_1_default, first_ration,
          serial_shops, nicolae_shop_behind_doors, uniq_duvessa, uniq_grinder
D:6:      layout_loops_ring, serial_shops, kennysheep_little_box,
          grunt_ministairs_3, uniq_blork_the_orc
D:7:      layout_gridville, makhleb_heckhound_becter, serial_shops, shop,
          nicolae_shop_behind_doors, nicolae_shop_behind_doors, shop,
          uniq_menkaure
D:8:      layout_basic, fedhas_bush_and_centaur_altar
D:9:      layout_long_grid, hangedman_pestilent_swarm, uniq_erolcha
D:10:     layout_long_grid, david_orc_3, serial_shops, shop,
          kennysheep_opposing_triangles
D:11:     layout_stronghold, lair_entry_dummy, minmay_radiant
D:12:     layout_rooms, minmay_strange_pillars, nicolae_wwwww, uniq_psyche,
          uniq_maurice, uniq_kirke, uniq_rupert
D:13:     layout_rooms, serial_shops, shop
D:14:     layout_rooms, lightli_vaults_fourway_checkpoint,
          ebering_dispersal_statue_hall, minmay_misc_feat_pillars, uniq_azrael,
          uniq_snorg, uniq_frances
D:15:     grunt_enter_depths_hoard, layout_basic, old_standard_altar,
          minmay_sticks_and_stones, uniq_louise
Temple:   minmay_temple_forest_path
Lair:1:   layout_cave_shapes, st_stairs_11, chequers_serial_rivers_small_3,
          minivault_27, dpeg_stationary_puzzle, lemuel_fruit_tree,
          minmay_lair_oklob_chamber
Lair:2:   layout_long_grid, spider_nest_entry_web_field, uniq_sonja, uniq_erica,
          uniq_gastronok
Lair:3:   layout_concentric_octagons, elwin_shoals_entry_rooms,
          chequers_serial_rivers_micro_e
Lair:4:   layout_concentric_octagons, uniq_nergalle
Lair:5:   layout_regular_city, slime_altar_1, hangedman_lair_generics_rect
Lair:6:   evilmike_catoblepas_cave, layout_long_grid, gammafunk_ghost_split
Spider:1: layout_spider_delve
Orc:1:    layout_diamond_mine
Orc:2:    kennysheep_orc_mage_school, layout_caves, gammafunk_ghost_necromancy,
          lemuel_statue_altar

Skill      XL: |  1  2  3  4  5  6  7  8  9 10 11 12 13 14 15 16 |
---------------+-------------------------------------------------+-----
Conjurations   | 2 3 4 5 6 8 10 12 | 12.1
Air Magic      | 5 6 10 11 13 15 16 | 16.0
Spellcasting   | 5 6 7 9 10 | 10.0
Fighting       | 1 4 6 7 10 | 10.0
Dodging        | 5 6 8 9 10 | 10.0
Stealth        | 4 |  4.1
Invocations    | 4 6 7 10 | 10.0
Evocations     | 4 |  4.1
Staves         | 7 9 14 | 14.0

Action                   |  1- 3 |  4- 6 |  7- 9 | 10-12 | 13-15 | 16-18 || total
-------------------------+-------+-------+-------+-------+-------+-------++-------
Melee: Dagger            |       |    34 |    51 |       |       |       ||    85
       Kick              |       |     8 |    39 |    70 |    90 |    46 ||   253
       Peck              |       |     2 |    23 |    55 |    53 |    30 ||   163
       Spear             |       |       |   103 |       |       |       ||   103
       War axe           |       |       |    29 |   118 |       |       ||   147
       Quarterstaff      |       |       |       |   207 |   371 |   149 ||   727
Throw: Boomerang         |       |       |     1 |     1 |       |       ||     2
 Cast: Shock             |    72 |    88 |   103 |    75 |    87 |       ||   425
       Static Discharge  |       |       |     8 |    14 |    41 |    22 ||    85
       Airstrike         |       |       |     1 |   105 |   220 |   209 ||   535
       Swiftness         |       |       |     1 |       |     2 |       ||     3
       Lightning Bolt    |       |       |       |     9 |    46 |    17 ||    72
       Summon Lightning  |       |       |       |       |     3 |    20 ||    23
Invok: Channel Magic     |       |       |       |     1 |    13 |     5 ||    19
 Abil: Fly               |       |     1 |       |     1 |       |       ||     2
       Stop Flying       |       |       |       |     1 |       |       ||     1
Evoke: Wand              |       |       |     1 |     2 |       |       ||     3
  Use: Scroll            |       |     9 |    10 |     6 |    17 |     1 ||    43
       Potion            |       |       |     4 |     4 |     2 |     3 ||    13
 Stab: Sleeping          |       |     1 |     8 |    13 |     3 |     2 ||    27
       Distracted        |       |       |       |       |       |     1 ||     1
  Eat: Chunk             |     4 |     9 |    12 |    35 |    35 |    14 ||   109
       Ration            |       |       |     1 |     3 |     2 |     4 ||    10
Armor: Leather armour    |       |     3 |       |       |       |       ||     3
       Robe              |       |     3 |    34 |    47 |    75 |    60 ||   219
       Skin              |       |       |     2 |       |       |       ||     2
Dodge: Dodged            |     8 |    30 |   173 |   325 |   499 |   341 ||  1376
Block: Other             |       |       |       |       |    12 |    33 ||    45
